 Dungeon Crawl Stone Soup version 0.30.1-11-g7821555f0a (webtiles) character file.

Game seed: 5870417282757633001

238 cdecastro the Poker (level 5, -4/54 (57) HPs)
             Began as a Demonspawn Gladiator on Dec 15, 2023.
             Slain by an ogre
             ... wielding a +0 giant club
              (9 damage)
             ... on level 5 of the Dungeon.
             The game lasted 00:09:03 (2808 turns).

cdecastro the Poker (Demonspawn Gladiator)          Turns: 2808, Time: 00:09:04

HP:   -4/54 (57)    AC: 22    Str: 14    XL:     5   Next: 78%
MP:   4/5           EV:  2    Int: 11    God:
Gold: 51            SH:  0    Dex: 15    Spells: 4/4 levels left

rFire   . . .        a - +0 trident
rCold   . . .        (no shield)
rNeg    . . .        g - melded +0 scale mail
rPois   +            c - melded +0 helmet
rElec   .            (cloak currently unavailable)
rCorr   .            q - melded +0 pair of gloves
SInv    .            f - melded +0 pair of boots
Will    .....        k - amulet of faith
Stlth   +            (no ring)
HPRegen 0.29/turn    (no ring)
MPRegen 0.09/turn

%: faith
@: tree-form, drained
A: stationary, stasis, torment immunity, boosted hp, (sturdy frame 1), (weakness
stinger 1)
a: no special abilities


You were on level 5 of the Dungeon.
You were a tree.
You visited 1 branch of the dungeon, and saw 5 of its levels.

You collected 139 gold pieces.
You spent 88 gold pieces at shops.

Inventory:

Hand Weapons
 a - a +0 trident (weapon)
Missiles
 d - 3 throwing nets
 e - a javelin
 h - 36 stones
 n - 7 poisoned darts (quivered)
 x - 2 atropa-tipped darts
Armour
 c - a +0 helmet (melded)
 f - a +0 pair of boots (melded)
 g - a +0 scale mail (melded)
 q - a +0 pair of gloves (melded)
 z - a +0 chain mail
Jewellery
 k - an amulet of faith (around neck)
 v - a +6 ring of strength
Scrolls
 b - a scroll of teleportation {unknown}
 i - a scroll of poison {unknown}
 j - 5 scrolls of identify
 o - a scroll of silence {unknown}
 p - a scroll of fear {unknown}
 u - a scroll of magic mapping {unknown}
 y - a scroll of fog {unknown}
Potions
 l - a potion of ambrosia {unknown}
 m - 2 potions of haste {unknown}
 r - a potion of brilliance {unknown}
 t - 3 potions of attraction
 w - a potion of degeneration {unknown}


   Skills:
 - Level 2.0 Fighting
 + Level 6.0 Polearms
 - Level 1.7 Throwing
 - Level 2.6 Dodging


You had 4 spell levels left.
You didn't know any spells.
Your spell library contained the following spells:

 Spells                   Type           Power      Damage    Failure   Level
 Blink                    Tloc           0%         N/A       47%         2
 Cigotuvi's Dreadful Rot  Necr/Pois/Air  0%         N/A       47%         2
 Sublimation of Blood     Necr           0%         N/A       47%         2
 Dispel Undead            Necr           0%         3d6       98%         4
 Manifold Assault         Tloc           0%         N/A       98%         4
 Petrify                  Tmut/Erth      0%         N/A       98%         4
 Irradiate                Conj/Tmut      0%         3d11      100%        5
 Death Channel            Necr           0%         N/A       100%        6
 Storm Form               Tmut/Air       0%         N/A       100%        7


Dungeon Overview and Level Annotations

Branches:
Dungeon (5/15)
 Temple: D:4-7

Altars:
Ru

Shops:
D:1 :   D:3 :?!


Innate Abilities, Weirdness & Mutations

You are a tree.
Your roots penetrate the ground, keeping you stationary.
You cannot be teleported.
You are immune to unholy pain and torment.
Your maximum health is greatly increased.
Your equipment is partially melded.
((Your movements are slightly less encumbered by armour. (ER -2)))
((You have a small tail.))


Message History

The orc wizard gestures at you while chanting.
The magic dart hits you but does no damage.
The orc hits you but does no damage.
You puncture the orc wizard!
You kill the orc wizard!
The worm bites you but does no damage. The orc hits you but does no damage.
Your Polearms skill increases to level 6!
You hit the ogre.
The ogre is lightly wounded.
The ogre hits you with a +0 giant club.
* * * LOW HITPOINT WARNING * * *
The orc hits you but does no damage.
You hit the ogre.
The ogre is moderately wounded.
The worm bites you!
* * * LOW HITPOINT WARNING * * *
The orc hits you but does no damage.
Unknown command.
You hit the ogre.
The ogre is moderately wounded.
The ogre hits you but does no damage. The orc hits you but does no damage.
The worm bites you but does no damage.
Unknown command.
You hit the ogre but do no damage.
The ogre is moderately wounded.
The ogre hits you but does no damage. The orc hits you but does no damage.
Unknown command.
You hit the ogre.
The ogre is heavily wounded.
The worm barely misses you. The orc hits you but does no damage.
Unknown command.
You hit the ogre but do no damage.
The ogre is heavily wounded.
The ogre hits you but does no damage. The orc hits you but does no damage.
Unknown command.
You hit the ogre.
The ogre is heavily wounded.
The worm bites you but does no damage. The orc hits you but does no damage.
The ogre hits you with a +0 giant club!
You die...

.................#..#
#...............##
#..............##
##............##
##.....oo..###
######oo### ##o##
#Oo# #♣## #...w...#
#........# #.)......#
#.?.......#
#.........#
#..........#
#..........#


You could see an ogre, a worm and 6 orcs.

Vanquished Creatures
  A scorpion (D:4)
  Terence (D:3)
  An orc wizard (D:5)
  A gnoll (D:1)
  3 adders (D:2)
  A worm (D:2)
  4 dart slugs
  6 orcs
  6 ball pythons
  5 endoplasms
  4 giant cockroaches
  7 goblins
  9 hobgoblins
  3 jackals (D:1)
  2 quokkas
  7 bats
  3 frilled lizards
  5 kobolds
  5 rats
74 creatures vanquished.

Notes
Turn   | Place    | Note
-------+----------+-------------------------------------------
     0 | D:1      | cdecastro the Demonspawn Gladiator began the quest for the
                  | Orb.
     0 | D:1      | Reached XP level 1. HP: 16/16 MP: 1/1
    80 | D:1      | Found a faded altar of an unknown god.
    86 | D:1      | Reached skill level 3 in Polearms
   119 | D:1      | Gained mutation: Your movements are slightly less
                  | encumbered by armour. (ER -2) [demonic ancestry]
   119 | D:1      | Reached XP level 2. HP: 21/22 MP: 2/2
   213 | D:1      | You fall into a shaft and drop 1 floor!
   278 | D:2      | Reached XP level 3. HP: 25/27 MP: 3/3
   290 | D:2      | Reached skill level 4 in Polearms
   671 | D:2      | Gained mutation: You have a small tail. [demonic ancestry]
   671 | D:2      | Reached XP level 4. HP: 33/33 MP: 4/4
   749 | D:1      | Found Foumyfo's Book Shoppe.
   749 | D:1      | Noticed a walking earthen tome
   750 | D:1      | Noticed a walking frostbound tome
  1690 | D:3      | Noticed Terence
  1700 | D:3      | Killed Terence
  1701 | D:3      | Reached skill level 5 in Polearms
  1800 | D:3      | Found Bepamn's Distillery.
  1965 | D:3      | Bought a potion of lignification for 33 gold pieces
  1965 | D:3      | Bought a potion of attraction for 33 gold pieces
  1998 | D:3      | Found Kivvyzeu's Distillery.
  2120 | D:3      | Found Suitoleth's Magic Scroll Shop.
  2134 | D:3      | Bought a scroll of identify for 22 gold pieces
  2191 | D:3      | Reached XP level 5. HP: 38/38 MP: 5/5
  2210 | D:3      | Found Zomyme Egrul's Book Shop.
  2479 | D:4      | Found a sacrificial altar of Ru.
  2759 | D:5      | Entered Level 5 of the Dungeon
  2768 | D:5      | Noticed an ogre
  2802 | D:5      | Reached skill level 6 in Polearms
  2808 | D:5      | Slain by an ogre

Illustrated notes

Levels and vault maps discovered:
D:1:      wander_arrival_estate, layout_loops_ring,
          hellmonk_ecumenical_altar_pennies_from_heaven, serial_shops,
          nicolae_shop_mannequins
D:2:      layout_basic
D:3:      layout_rooms, serial_shops, shop, nicolae_shop_hallway_plus, shop,
          nicolae_square_shop, chequers_serial_rivers_small_3, uniq_terence
D:4:      cheibrodos_barr_body, layout_basic, kennysheep_little_box,
          mainiacjoe_overflow_boulevard, minmay_temple_entry_sparse_star,
          serial_shops, shop_coins, nicolae_shop_fire_sale
          [nicolae_sub_dead_trees]
D:5:      layout_cave_pods, mainiacjoe_overflow_alcove_1, chei_slow_surprise

Skill      XL: |  1  2  3  4  5 |
---------------+----------------+-----
Polearms       | 3 4 5 6 |  6.0
Fighting       | |  2.0
Throwing       | |  1.7
Dodging        | |  2.6

Action                     |  1- 3 |  4- 6 || total
---------------------------+-------+-------++-------
  Melee: Trident           |   115 |   146 ||   261
         Punch             |     1 |       ||     1
         Tailslap          |       |    20 ||    20
  Throw: Dart              |       |     3 ||     3
    Use: Potion            |       |     1 ||     1
 Armour: Scale mail        |    59 |    52 ||   111
         Skin              |       |    44 ||    44
  Dodge: Dodged            |    69 |    74 ||   143
